[Event "ICC tourney 2523 (60 10)"]
[Site "Internet Chess Club"]
[Date "2021.04.17"]
[Round "3"]
[White "LIAO, KATY LEE:KatyLiao"]
[Black "Dela Luna-buder, Johann:JohannLuna"]
[Result "0-1"]
[ICCResult "White checkmated"]
[WhiteElo "857"]
[BlackElo "640"]
[Opening "Alekhine's defense: Scandinavian variation"]
[ECO "B02"]
[NIC "AL.10"]
[Time "16:30:56"]
[PlyCount "140"]
[TimeControl "3600+10"]

1. e4 Nf6 2. Nc3 d5 3. exd5 Nxd5 4. Bc4 Nxc3 5. Qf3 e6 6. Qxc3 Nc6 7. Nf3
Bd7 8. O-O Qe7 9. d4 f6 10. Be3 g5 11. Rad1 Bg7 12. d5 f5 13. dxc6 Bxc3 14.
cxd7+ Kf8 15. bxc3 h6 16. Rd3 Rd8 17. Rfd1 c6 18. Ne5 Kg7 19. Bd4 Kf8 20.
Be3 Rg8 21. Kh1 f4 22. Bd2 a6 23. Bb3 Rg7 24. c4 Qf6 25. Bc3 Qe7 26. Ra1
Kg8 27. Nf3 Rh7 28. Ne5 Qc5 29. Kg1 Qa7 30. Bd4 c5 31. Bc3 h5 32. h3 g4 33.
hxg4 hxg4 34. Nxg4 Rdxd7 35. Rxd7 Rxd7 36. Nf6+ Kf7 37. Nxd7 b5 38. cxb5
Qxd7 39. bxa6 Qa7 40. Bc4 Qb6 41. Re1 Kf8 42. Be5 Qb4 43. Kf1 Qxc4+ 44. Kg1
Qxa6 45. Bxf4 Qxa2 46. Rxe6 Qxe6 47. Be3 c4 48. Kf1 Qe4 49. c3 Qd3+ 50. Kg1
Qxc3 51. Bh6+ Kg8 52. Be3 Qa1+ 53. Kh2 c3 54. Bd4 Qa3 55. Be3 c2 56. Bf4
Qe7 57. Kg3 Qg7+ 58. Kf3 Qf6 59. Kg3 Qxf4+ 60. Kxf4 c1=Q+ 61. Kg3 Kg7 62.
Kf3 Kf6 63. Kg3 Qc4 64. Kf3 Kf5 65. Kg3 Qg4+ 66. Kh2 Qf4+ 67. Kg1 Kg4 68.
f3+ Kg3 69. Kf1 Qd2 70. f4 Qf2# { White checkmated } 0-1

[Event "ICC tourney 2523 (60 10)"]
[Site "Internet Chess Club"]
[Date "2021.04.17"]
[Round "3"]
[White "MISCHLER, ELISE:SABHEMischler"]
[Black "Lee, Shan:Shanlee"]
[Result "0-1"]
[ICCResult "White checkmated"]
[WhiteElo "614"]
[BlackElo "815"]
[Opening "King's pawn game"]
[ECO "C50"]
[NIC "IG.03"]
[Time "16:31:55"]
[PlyCount "60"]
[TimeControl "3600+10"]

1. e4 e5 2. Nf3 Nc6 3. Bc4 Nd4 4. Nxd4 exd4 5. c3 Nf6 6. d3 Bc5 7. O-O O-O
8. Re1 d5 9. exd5 Ng4 10. Qf3 dxc3 11. Nxc3 Bxf2+ 12. Kh1 Bxe1 13. Ne2 Qh4
14. h3 Nf2+ 15. Kh2 Bg4 16. Qg3 Qxg3+ 17. Nxg3 Bd7 18. Kg1 Nxh3+ 19. gxh3
Bxg3 20. h4 Bxh4 21. Bd2 Bf6 22. Rb1 Rfe8 23. Bb4 Re2 24. d4 Re4 25. Bc3
Bxd4+ 26. Bxd4 Rxd4 27. Bb3 Re8 28. Rf1 Kh8 29. Rxf7 Rd2 30. Rxd7 Re1# {
White checkmated } 0-1

[Event "ICC tourney 2523 (60 10)"]
[Site "Internet Chess Club"]
[Date "2021.04.17"]
[Round "3"]
[White "CARDOSO, KARELY:RYCSKarely2010"]
[Black " TAM, EPHRAIM:EphraimT204"]
[Result "0-1"]
[ICCResult "White checkmated"]
[WhiteElo "690"]
[BlackElo "836"]
[Opening "Scotch game"]
[ECO "C45"]
[NIC "SO.04"]
[Time "16:30:48"]
[PlyCount "114"]
[TimeControl "3600+10"]

1. e4 e5 2. Nf3 Nc6 3. d4 exd4 4. Nxd4 Nxd4 5. Qxd4 Qe7 6. Nc3 Nf6 7. Bg5
h6 8. Bh4 g5 9. Bg3 d6 10. Bc4 Bg7 11. O-O-O O-O 12. Rhe1 Nh5 13. Qe3 Nxg3
14. hxg3 Bg4 15. f3 Be6 16. Bd3 Bxc3 17. bxc3 Bxa2 18. e5 dxe5 19. Qe4 f5
20. Bc4+ Kh7 21. Qd5 Bxc4 22. Qxc4 Qa3+ 23. Kd2 Rad8+ 24. Ke2 Qa6 25. Qxa6
bxa6 26. Rb1 Rfe8 27. Kf2 Rd2+ 28. Kg1 Rxc2 29. Rb7 Rxc3 30. g4 fxg4 31.
fxg4 Rc6 32. Rxa7 Rc4 33. Rxa6 Rxg4 34. Rc6 Re7 35. Kh2 Rh4+ 36. Kg3 h5 37.
Kf3 e4+ 38. Kg3 e3 39. Re2 Rhe4 40. Kf3 g4+ 41. Kg3 Kh8 42. Rc5 R4e5 43.
Rc3 Kg7 44. Kf4 Re4+ 45. Kg3 Kg6 46. Rc6+ Kg5 47. Rc3 h4+ 48. Kh2 h3 49. g3
R4e5 50. Kg1 c5 51. Kf1 Rf5+ 52. Kg1 Ree5 53. Kh2 Rf2+ 54. Rxf2 exf2 55.
Rc1 c4 56. Rf1 Re2 57. Rc1 f1=Q# { White checkmated } 0-1

[Event "ICC tourney 2523 (60 10)"]
[Site "Internet Chess Club"]
[Date "2021.04.17"]
[Round "3"]
[White "javeri, kiaan:kiaanj"]
[Black "Owusu-Boakye, Kwame:KwamzChess"]
[Result "0-1"]
[ICCResult "White checkmated"]
[WhiteElo "938"]
[BlackElo "713"]
[Opening "Sicilian: closed, 2...Nc6"]
[ECO "B23"]
[NIC "SI.44"]
[Time "16:31:01"]
[PlyCount "36"]
[TimeControl "3600+10"]

1. e4 c5 2. Nc3 Nc6 3. Bb5 e6 4. d3 d5 5. Nf3 a6 6. exd5 exd5 7. Bxc6+ bxc6
8. O-O Be7 9. Re1 Nf6 10. Qe2 Ra7 11. Ne5 Bd7 12. Bg5 O-O 13. Qf3 Re8 14.
Qg3 Nh5 15. Bxe7 Qxe7 16. Qf3 g6 17. Nxc6 Qxe1+ 18. Rxe1 Rxe1# { White
checkmated } 0-1

[Event "ICC tourney 2523 (60 10)"]
[Site "Internet Chess Club"]
[Date "2021.04.17"]
[Round "3"]
[White "Romolo, Ryan M:Ryro2013"]
[Black "SIELECKI, CHRISTOPHER WITOLD:ChrisSielecki"]
[Result "1-0"]
[ICCResult "Black checkmated"]
[WhiteElo "886"]
[BlackElo "310"]
[Opening "Scotch game"]
[ECO "C45"]
[NIC "SO.04"]
[Time "16:31:56"]
[PlyCount "39"]
[TimeControl "3600+10"]

1. e4 e5 2. Nf3 Nc6 3. d4 exd4 4. Nxd4 Nxd4 5. Qxd4 Nf6 6. Bg5 b6 7. e5 Bc5
8. Qc4 Rb8 9. exf6 gxf6 10. Bh6 Qe7+ 11. Be2 a5 12. O-O Rg8 13. Nc3 Qe5 14.
Rfe1 Kd8 15. Qxf7 Rf8 16. Bxf8 Bxf8 17. Qxf8+ Qe8 18. Qxe8+ Kxe8 19. Bh5+
Kd8 20. Re8# { Black checkmated } 1-0

[Event "ICC tourney 2523 (60 10)"]
[Site "Internet Chess Club"]
[Date "2021.04.17"]
[Round "3"]
[White "GALVEZ, CONNOR HAMILTON:ConnorGalvez"]
[Black "ADUSUMALLI, ANIRUDH SAI:Anichess2009"]
[Result "0-1"]
[ICCResult "White checkmated"]
[WhiteElo "639"]
[BlackElo "855"]
[Opening "Ruy Lopez (Spanish opening)"]
[ECO "C60"]
[NIC "RL.01"]
[Time "16:30:57"]
[PlyCount "96"]
[TimeControl "3600+10"]

1. e4 e5 2. Nf3 Nc6 3. Bb5 Bd6 4. O-O Nf6 5. Nc3 O-O 6. d3 h6 7. Nd5 a6 8.
Ba4 b5 9. Bb3 Nxd5 10. Bxd5 Bb7 11. Be3 Na5 12. Bxb7 Nxb7 13. d4 exd4 14.
Qxd4 Qe7 15. Rad1 Rfd8 16. Qd5 c6 17. Qf5 Re8 18. Rd4 Bc5 19. Rxd7 Nd6 20.
Rxe7 Nxf5 21. exf5 Bxe7 22. h3 Bf6 23. c3 Rad8 24. Bb6 Rd5 25. g4 Rd3 26.
Kg2 Bd8 27. Bd4 f6 28. Nh4 g5 29. Ng6 Kg7 30. f3 Re2+ 31. Rf2 Rxf2+ 32.
Kxf2 Rd2+ 33. Ke3 Rxb2 34. c4 Rxa2 35. c5 Ra3+ 36. Ke4 b4 37. Ne5 fxe5 38.
Bxe5+ Bf6 39. Bg3 Ra5 40. Be1 Bc3 41. Bxc3+ bxc3 42. Ke5 Rxc5+ 43. Ke6 c2
44. f6+ Kf8 45. f4 c1=Q 46. f5 Qe3+ 47. Kd7 Qd4+ 48. Ke6 Qd5# { White
checkmated } 0-1

[Event "ICC tourney 2523 (60 10)"]
[Site "Internet Chess Club"]
[Date "2021.04.17"]
[Round "3"]
[White "KLIPER, ALMA:AKliper"]
[Black "ROSS, EVAN D:Evan2win"]
[Result "1-0"]
[ICCResult "Black checkmated"]
[WhiteElo "662"]
[BlackElo "866"]
[Opening "Caro-Kann defense"]
[ECO "B10"]
[NIC "CK.01"]
[Time "16:31:01"]
[PlyCount "123"]
[TimeControl "3600+10"]

1. e4 c6 2. Nf3 d5 3. exd5 cxd5 4. d4 Bg4 5. Nc3 e6 6. Bb5+ Nc6 7. h3 Bh5
8. g4 Bg6 9. Bf4 Bb4 10. Ne5 Rc8 11. Nxc6 bxc6 12. Ba6 Ra8 13. Bb7 Be4 14.
Bxc6+ Ke7 15. Bg5+ f6 16. Bf4 Bxh1 17. Bxa8 Bxc3+ 18. bxc3 Qxa8 19. g5 Be4
20. gxf6+ Nxf6 21. Be5 Qc8 22. Qd2 Rg8 23. Rb1 Qa6 24. c4 Nd7 25. Qb4+ Ke8
26. Bf4 Bxc2 27. Bg5 Kf7 28. Rc1 Qxc4 29. Qe7+ Kg6 30. Bh4 Qc3+ 31. Kf1
Qxh3+ 32. Ke1 Qc3+ 33. Kf1 Qh3+ 34. Kg1 Qg4+ 35. Kh2 Be4 36. Rg1 Bg2 37.
Rxg2 Qxg2+ 38. Kxg2 Nf6 39. Qxa7 Ne4 40. a4 Rf8 41. Qe7 Rf4 42. Qxe6+ Nf6
43. Bg3 Rxd4 44. a5 Ra4 45. a6 d4 46. Qc6 Ra3 47. Qc2+ d3 48. Qb2 d2 49.
Qxd2 Rxa6 50. Qd3+ Ne4 51. Qxa6+ Kg5 52. Qb7 Nxg3 53. fxg3 Kg6 54. Qe7 h5
55. Qe5 Kh6 56. Kf3 g6 57. Kf4 g5+ 58. Qxg5+ Kh7 59. Kf5 h4 60. gxh4 Kh8
61. Kf6 Kh7 62. Qg7# { Black checkmated } 1-0

[Event "ICC tourney 2523 (60 10)"]
[Site "Internet Chess Club"]
[Date "2021.04.17"]
[Round "3"]
[White "MOU, BENJAMIN:HCESBenjaminM"]
[Black "bhargava, saarth:bsaarth"]
[Result "0-1"]
[ICCResult "White checkmated"]
[WhiteElo "797"]
[BlackElo "247"]
[Opening "Giuoco Piano: Greco's attack"]
[ECO "C54"]
[NIC "IG.02"]
[Time "16:30:58"]
[PlyCount "74"]
[TimeControl "3600+10"]

1. e4 e5 2. Nf3 Nc6 3. Bc4 Bc5 4. c3 Nf6 5. d4 exd4 6. cxd4 Bb4+ 7. Nc3
Nxe4 8. O-O O-O 9. Nxe4 d5 10. Bg5 Be7 11. Bxe7 Nxe7 12. Bd3 dxe4 13. Bxe4
Ng6 14. Bxg6 fxg6 15. Qb3+ Kh8 16. Rfe1 b6 17. Qb4 Bb7 18. Ne5 Qg5 19. g3
Qf5 20. Rf1 Rae8 21. Qc3 Ba8 22. Nc6 Qd5 23. Rac1 Re6 24. Qb4 Rg8 25. f3
Rxc6 26. Rce1 Rf6 27. Qa3 h6 28. Re3 Qxd4 29. Kg2 Rgf8 30. Re7 Qd2+ 31. Rf2
Bxf3+ 32. Qxf3 Qxf2+ 33. Qxf2 Rxf2+ 34. Kh3 Rxb2 35. Rxc7 Rxa2 36. g4 Rf3+
37. Kh4 Rxh2# { White checkmated } 0-1

[Event "ICC tourney 2523 (60 10)"]
[Site "Internet Chess Club"]
[Date "2021.04.17"]
[Round "3"]
[White "LANKIPALLE, RUTHVIKARAO:ruthvikal"]
[Black "LODISH, NOAH JACOB:NoahJacob"]
[Result "1-0"]
[ICCResult "Black checkmated"]
[WhiteElo "567"]
[BlackElo "803"]
[Opening "Sicilian: accelerated fianchetto, modern variation"]
[ECO "B76"]
[NIC "SI.33"]
[Time "16:30:55"]
[PlyCount "41"]
[TimeControl "3600+10"]

1. e4 c5 2. Nf3 Nc6 3. d4 cxd4 4. Nxd4 g6 5. Nc3 Bg7 6. Be3 d6 7. Qd2 Nf6
8. f3 O-O 9. g4 Re8 10. h4 Ne5 11. Be2 h5 12. gxh5 Nxh5 13. f4 Nc6 14. Bxh5
gxh5 15. Nxc6 bxc6 16. f5 Kh7 17. Rg1 f6 18. Qg2 Rg8 19. Qg6+ Kh8 20. Qxh5+
Bh6 21. Qxh6# { Black checkmated } 1-0

[Event "ICC tourney 2523 (60 10)"]
[Site "Internet Chess Club"]
[Date "2021.04.17"]
[Round "3"]
[White "ADAMS, CAITLIN ALA-TOH S:kyrgyzcait"]
[Black "QUINONES, MADELYN:rycsMadelyn"]
[Result "1-0"]
[ICCResult "Black resigns"]
[WhiteElo "802"]
[BlackElo "600"]
[Opening "Sicilian: Hungarian variation"]
[ECO "B27"]
[NIC "SI.43"]
[Time "16:30:57"]
[PlyCount "81"]
[TimeControl "3600+10"]

1. e4 c5 2. Nf3 g6 3. d4 d5 4. Nc3 Bg7 5. Bd3 cxd4 6. Nxd4 Bxd4 7. Nxd5 Nf6
8. Nf4 O-O 9. O-O Bg4 10. Qd2 e5 11. h3 Be6 12. Ne2 Nxe4 13. Bxe4 f5 14.
Bd3 f4 15. Rd1 Qg5 16. g3 Bxh3 17. Bc4+ Kg7 18. Kh2 Qg4 19. c3 fxg3+ 20.
Nxg3 Rxf2+ 21. Kh1 Bg2+ 22. Kg1 Rxd2+ 23. Kh2 Bf3+ 24. Bxd2 e4 25. cxd4
Bxd1 26. Bc3 e3 27. d5+ Kh6 28. Bb5 Qh4+ 29. Kg2 Na6 30. Rxd1 e2 31. Bd2+
g5 32. Nf5+ Kh5 33. Nxh4 gxh4 34. Bxe2+ Kg6 35. d6 Kf7 36. Rf1+ Ke6 37. Bf4
Rg8+ 38. Kh3 Kf5 39. Bd3+ Ke6 40. Bc4+ Kd7 41. Bxg8 { Black resigns } 1-0

[Event "ICC tourney 2523 (60 10)"]
[Site "Internet Chess Club"]
[Date "2021.04.17"]
[Round "3"]
[White "LINGAMANENI, SRIKAR:srikarl99"]
[Black "BEAR, ASHWIN:ashwinb2012"]
[Result "1-0"]
[ICCResult "Black resigns"]
[WhiteElo "744"]
[BlackElo "912"]
[Opening "Scandinavian: Pytel-Wade variation"]
[ECO "B01"]
[NIC "SD.02"]
[Time "16:31:09"]
[PlyCount "67"]
[TimeControl "3600+10"]

1. e4 d5 2. exd5 Qxd5 3. Nc3 Qd6 4. Nf3 Nf6 5. d3 c6 6. Be2 Bf5 7. Bg5 h6
8. Bh4 e6 9. Bg3 Qd8 10. O-O Bd6 11. Bxd6 Qxd6 12. Re1 O-O 13. Nh4 Bg4 14.
Bxg4 Qd4 15. Ne4 Nxe4 16. dxe4 Qxd1 17. Rexd1 Na6 18. Be2 Nc5 19. e5 Rad8
20. Nf3 Rd5 21. Rxd5 cxd5 22. b3 Ne4 23. Bd3 Rc8 24. Bxe4 dxe4 25. Nd2 Rxc2
26. Nxe4 f5 27. Ng3 f4 28. Ne4 g5 29. f3 Rc5 30. Nxc5 b6 31. Nxe6 Kf7 32.
Nc7 Ke7 33. Rd1 Kf7 34. e6+ { Black resigns } 1-0

[Event "ICC tourney 2523 (60 10)"]
[Site "Internet Chess Club"]
[Date "2021.04.17"]
[Round "3"]
[White "SANTIAGO, WYATT:FierceLeopard"]
[Black "JONES, TAYLOR:WDSTJ1"]
[Result "0-1"]
[ICCResult "White checkmated"]
[WhiteElo "642"]
[BlackElo "872"]
[Opening "Sicilian: closed, 2...Nc6"]
[ECO "B23"]
[NIC "SI.44"]
[Time "16:31:56"]
[PlyCount "86"]
[TimeControl "3600+10"]

1. e4 c5 2. Nc3 Nc6 3. Nf3 g6 4. Bc4 Bg7 5. d3 Nf6 6. Be3 d6 7. O-O O-O 8.
Qe2 Bg4 9. h3 Bd7 10. Ng5 e6 11. Qf3 Nd4 12. Bxd4 cxd4 13. Ne2 e5 14. c3
dxc3 15. bxc3 h6 16. Nxf7 Qe7 17. Nxe5+ Rf7 18. Nxg6 Qe8 19. Bxf7+ Qxf7 20.
Qg3 Re8 21. e5 dxe5 22. Nxe5 Qh5 23. Nxd7 Nxd7 24. Nf4 Qf7 25. Ng6 Nf6 26.
d4 Nd5 27. Rac1 Re6 28. c4 Rxg6 29. Qa3 Ne7 30. Rfe1 Nc8 31. Rb1 Bxd4 32.
Rf1 Qxc4 33. Rxb7 Qd5 34. g3 Qxb7 35. Re1 Qb2 36. Re8+ Kh7 37. Rxc8 Qxf2+
38. Kh1 Qf1+ 39. Kh2 Bg1+ 40. Kh1 Bc5+ 41. Kh2 Bxa3 42. Rc7+ Rg7 43. g4
Bd6# { White checkmated } 0-1

[Event "ICC tourney 2523 (60 10)"]
[Site "Internet Chess Club"]
[Date "2021.04.17"]
[Round "3"]
[White "GALPERIN, BENJAMIN:BG1015"]
[Black "EPPEL, NATHAN:NathanE42"]
[Result "1-0"]
[ICCResult "Black checkmated"]
[WhiteElo "748"]
[BlackElo "961"]
[Opening "Queen's pawn game"]
[ECO "D00"]
[NIC "QP.08"]
[Time "16:43:09"]
[PlyCount "69"]
[TimeControl "3600+10"]

1. d4 d5 2. e3 Nf6 3. f4 Ne4 4. Nf3 Nc6 5. c3 Bf5 6. Bd3 e6 7. O-O Be7 8.
Nbd2 Nxd2 9. Qxd2 Bxd3 10. Qxd3 O-O 11. Bd2 Bf6 12. Be1 Na5 13. b4 Nc4 14.
h4 Nb2 15. Qb1 Nc4 16. Ng5 Bxg5 17. hxg5 Nxe3 18. Rf3 Nf5 19. Rh3 g6 20. g4
Nd6 21. Bh4 Nc4 22. f5 exf5 23. gxf5 Nd2 24. Qc2 Ne4 25. c4 c6 26. Qh2 Qd6
27. Qxd6 Nxd6 28. Kg2 Nxf5 29. Bf2 dxc4 30. Rah1 Rfe8 31. Rxh7 Kf8 32. d5
cxd5 33. Bc5+ Re7 34. Rh8+ Kg7 35. R1h7# { Black checkmated } 1-0

[Event "ICC tourney 2523 (60 10)"]
[Site "Internet Chess Club"]
[Date "2021.04.17"]
[Round "3"]
[White "AL-SATI, HADI A:chsshd"]
[Black "VADIVELU, SAM G:SGVChess"]
[Result "0-1"]
[ICCResult "White checkmated"]
[WhiteElo "678"]
[BlackElo "821"]
[Opening "Three knights game"]
[ECO "C46"]
[NIC "KP.06"]
[Time "16:30:54"]
[PlyCount "104"]
[TimeControl "3600+10"]

1. e4 e5 2. Nf3 Nc6 3. Nc3 Bc5 4. Nxe5 Nxe5 5. d4 Bxd4 6. Qxd4 d6 7. Be3
Nf6 8. Bd3 Nc6 9. Qa4 Bd7 10. Qb3 O-O 11. O-O-O Ng4 12. f3 Nxe3 13. Rd2 Be6
14. Nd5 Bxd5 15. exd5 Nd4 16. Qxb7 c5 17. dxc6 a5 18. c3 Ne6 19. c7 Nxc7
20. Qe4 g6 21. Qxe3 Qh4 22. g3 Qh5 23. Be4 d5 24. Bc2 Rfe8 25. Qf2 Rab8 26.
g4 Qe5 27. h3 Ne6 28. Re1 Qc7 29. Rde2 Qb7 30. Ba4 Re7 31. h4 Rc7 32. Rc2
d4 33. cxd4 Rxc2+ 34. Qxc2 Nxd4 35. Qc3 Rc8 36. Qxc8+ Qxc8+ 37. Kb1 Ne6 38.
Rg1 Qc4 39. b3 Qd3+ 40. Kb2 Qxf3 41. h5 Qf2+ 42. Ka3 Qxg1 43. hxg6 fxg6 44.
b4 axb4+ 45. Kb3 Qxg4 46. Bd7 Nd4+ 47. Kxb4 Qxd7 48. Ka5 Qd5+ 49. Ka4 Qxa2+
50. Kb4 Qe6 51. Ka4 Qb6 52. Ka3 Qb3# { White checkmated } 0-1

[Event "ICC tourney 2523 (60 10)"]
[Site "Internet Chess Club"]
[Date "2021.04.17"]
[Round "3"]
[White "WEST, JACK:JWest139"]
[Black "HAN, WILLIAM M:LionsWilliamH"]
[Result "1-0"]
[ICCResult "Black resigns"]
[WhiteElo "821"]
[BlackElo "619"]
[Opening "KP: Nimzovich defense"]
[ECO "B00"]
[NIC "VO.05"]
[Time "16:31:24"]
[PlyCount "105"]
[TimeControl "3600+10"]

1. e4 Nc6 2. Nf3 d5 3. Nc3 d4 4. Nd5 e5 5. Bb5 Be6 6. d3 Bxd5 7. exd5 Qxd5
8. Bc4 Qd6 9. O-O Nf6 10. Re1 Be7 11. Bg5 Ng4 12. Bxe7 Qxe7 13. Re4 Nf6 14.
Re1 O-O 15. Ng5 Nd7 16. Qh5 Nf6 17. Qh4 h6 18. Nf3 Rfe8 19. Re2 Na5 20. Bb5
c6 21. Bc4 Nxc4 22. dxc4 Rad8 23. Rxe5 Qd6 24. Rxe8+ Rxe8 25. Rd1 c5 26. a3
Qe6 27. b4 cxb4 28. axb4 a6 29. Qxd4 b5 30. cxb5 axb5 31. Qc3 Nd5 32. Qa1
Nb6 33. Re1 Qd7 34. Qa6 Rxe1+ 35. Nxe1 Nc4 36. Nd3 Qe7 37. Qxb5 Na3 38. Qa4
Nb1 39. b5 Nc3 40. Qa8+ Kh7 41. b6 Qe2 42. g3 Qd1+ 43. Kg2 Qb1 44. b7 Ne2
45. b8=Q Qg1+ 46. Kf3 Nd4+ 47. Ke4 Qxf2 48. Nxf2 Nxc2 49. Qh8+ Kg6 50. Qa6+
f6 51. Qa2 Nb4 52. Qb3 Nc6 53. h4 { Black resigns } 1-0

[Event "ICC tourney 2523 (60 10)"]
[Site "Internet Chess Club"]
[Date "2021.04.17"]
[Round "3"]
[White "MARCAL, DAVID:BirchDavidM"]
[Black "VADHER, DEVAJ MAYANK:DevajVadher"]
[Result "0-1"]
[ICCResult "White checkmated"]
[WhiteElo "757"]
[BlackElo "992"]
[Opening "Queen's pawn, Mason variation"]
[ECO "D00"]
[NIC "QP.08"]
[Time "16:30:59"]
[PlyCount "92"]
[TimeControl "3600+10"]

1. d4 d5 2. Bf4 Nf6 3. e3 Bf5 4. Nf3 e6 5. c4 c6 6. Qb3 Qb6 7. c5 Qxb3 8.
axb3 Nbd7 9. b4 Be7 10. Nbd2 O-O 11. Ne5 a6 12. Bg5 Rfe8 13. Nef3 h6 14.
Bf4 Nh5 15. Be2 Nxf4 16. exf4 Nf6 17. Nb3 Bd8 18. Nc1 Bc7 19. Ne5 Rad8 20.
Bd3 Be4 21. O-O Re7 22. f3 Bxd3 23. Ncxd3 Nd7 24. Rfe1 Nxe5 25. fxe5 Rdd7
26. f4 Re8 27. Nc1 Bd8 28. g3 f6 29. Nd3 f5 30. Re3 g5 31. Nf2 gxf4 32.
gxf4 Rg7+ 33. Kh1 Kh7 34. Rh3 Reg8 35. Nd3 Rg4 36. Rf1 Rh4 37. Re3 Rhg4 38.
Ree1 Bh4 39. Rd1 Kh8 40. Nc1 Kh7 41. Nb3 Bd8 42. Na5 Bxa5 43. bxa5 Rg2 44.
b3 Rb2 45. Rb1 Rgg2 46. Rg1 Rxh2# { White checkmated } 0-1

[Event "ICC tourney 2523 (60 10)"]
[Site "Internet Chess Club"]
[Date "2021.04.17"]
[Round "3"]
[White "Han, Eleanor JA:EleanorH"]
[Black "ESTRADA, ELIJAH:aw3some-elijah2"]
[Result "0-1"]
[ICCResult "White checkmated"]
[WhiteElo "824"]
[BlackElo "395"]
[Opening "Giuoco Pianissimo"]
[ECO "C55"]
[NIC "IG.01"]
[Time "16:31:05"]
[PlyCount "74"]
[TimeControl "3600+10"]

1. e4 e5 2. Nf3 Nc6 3. Bc4 Nf6 4. d3 Bc5 5. Bb3 O-O 6. c3 d5 7. Qe2 dxe4 8.
dxe4 h6 9. h3 b6 10. Nbd2 a6 11. Nf1 a5 12. Ba4 Ba6 13. c4 Nd4 14. Nxd4
exd4 15. Bc2 Re8 16. Ng3 Bb4+ 17. Kf1 Nd7 18. b3 Ne5 19. Bd3 a4 20. Bf4
Nxd3 21. Qxd3 Bb7 22. Kg1 Ra5 23. Kh2 a3 24. Rhd1 c5 25. Qf3 f5 26. Nxf5
Bxe4 27. Qg4 Bxf5 28. Qxf5 Qh4 29. g3 Qd8 30. Qg6 Ra7 31. Bxh6 Re2 32. Kg1
Bc3 33. Rac1 Rd7 34. Qg4 Qe8 35. Kf1 Rde7 36. Kg2 Qc6+ 37. Kf1 Qh1# { White
checkmated } 0-1

[Event "ICC tourney 2523 (60 10)"]
[Site "Internet Chess Club"]
[Date "2021.04.17"]
[Round "3"]
[White "WILSON, HANSEN:LionsHansenW"]
[Black "Leese, Harrison R:msleese"]
[Result "1/2-1/2"]
[ICCResult "White stalemated"]
[WhiteElo "805"]
[BlackElo "613"]
[Opening "French defense"]
[ECO "C00"]
[NIC "FR.01"]
[Time "16:51:42"]
[PlyCount "144"]
[TimeControl "3600+10"]

1. e4 e6 2. Nf3 d5 3. exd5 exd5 4. d4 Nc6 5. Bb5 Bd7 6. Nc3 Bb4 7. O-O Nf6
8. Re1+ Ne7 9. Bxd7+ Qxd7 10. Bg5 O-O 11. Bxf6 gxf6 12. a3 Bxc3 13. bxc3
Kh8 14. Rb1 b6 15. Qd3 Rg8 16. Nh4 Ng6 17. Nf5 Rge8 18. Rxe8+ Rxe8 19. Qh3
Qe6 20. Qd3 Nf4 21. Qb5 Qe1+ 22. Rxe1 Rxe1+ 23. Qf1 Rxf1+ 24. Kxf1 h5 25.
f3 Kh7 26. Kf2 Kg6 27. Ne7+ Kg5 28. Kg3 h4+ 29. Kf2 f5 30. g3 hxg3+ 31.
hxg3 Ne6 32. Nxd5 f4 33. g4 f5 34. gxf5 Kxf5 35. c4 Nxd4 36. Nxc7 Nxc2 37.
Nb5 Nxa3 38. Nxa3 Ke5 39. Ke2 Kd4 40. Kd2 a5 41. Kc2 Ke3 42. Kd1 Kxf3 43.
Ke1 Kg3 44. Kf1 f3 45. Nc2 a4 46. Kg1 Kf4 47. Kf2 Ke4 48. Na3 Kf4 49. Kf1
Ke3 50. Ke1 Kf4 51. Kf2 Kg4 52. Kf1 Kf4 53. Kf2 Ke4 54. Ke1 Ke3 55. Nc2+
Kf4 56. Kf2 Kg4 57. Kf1 Kg3 58. Kg1 f2+ 59. Kf1 Kf3 60. Na3 Ke3 61. Nb1 Kd4
62. Kxf2 Kxc4 63. Ke2 Kb3 64. Kd1 b5 65. Kc1 b4 66. Nd2+ Ka3 67. Nb1+ Ka2
68. Nd2 b3 69. Nb1 b2+ 70. Kc2 a3 71. Nxa3 Kxa3 72. Kb1 Kb3 { White
stalemated } 1/2-1/2

[Event "ICC tourney 2523 (60 10)"]
[Site "Internet Chess Club"]
[Date "2021.04.17"]
[Round "3"]
[White "SIMMONS, ZION:ZionSimmons"]
[Black "LU, ARIANNA:ChessPandaLu"]
[Result "1-0"]
[ICCResult "Black checkmated"]
[WhiteElo "987"]
[BlackElo "439"]
[Opening "Giuoco Piano"]
[ECO "C50"]
[NIC "IG.02"]
[Time "16:31:08"]
[PlyCount "123"]
[TimeControl "3600+10"]

1. e4 e5 2. Nf3 Nc6 3. Bc4 Bc5 4. Nc3 d6 5. h3 Nf6 6. d3 h6 7. Bd2 O-O 8.
Qe2 b6 9. O-O-O Bb7 10. Rhg1 Nd4 11. Nxd4 Bxd4 12. h4 Bc8 13. Nd5 Nxd5 14.
Bxd5 Rb8 15. g3 Bb7 16. Bxb7 Rxb7 17. c3 Qd7 18. cxd4 Qc6+ 19. Bc3 exd4 20.
Qd2 dxc3 21. Qxc3 Qxc3+ 22. bxc3 Rc8 23. g4 f6 24. f4 g5 25. hxg5 fxg5 26.
fxg5 hxg5 27. Rdf1 Kg7 28. Rf5 c5 29. Rxg5+ Kh8 30. Rh5+ Rh7 31. Rd5 Rc6
32. g5 Rg7 33. Rf5 Rg6 34. Rgf1 Rc8 35. Kd2 Kg8 36. Rh1 Rf8 37. Rh8+ Kxh8
38. Rxf8+ Rg8 39. Rxg8+ Kxg8 40. Ke3 Kg7 41. Kf4 Kg6 42. d4 a5 43. e5 cxd4
44. cxd4 dxe5+ 45. dxe5 b5 46. e6 b4 47. Ke5 a4 48. e7 Kf7 49. Kd6 b3 50.
axb3 axb3 51. Kd7 b2 52. e8=Q+ Kg7 53. Qe5+ Kg6 54. Qxb2 Kxg5 55. Qf2 Kg6
56. Qf4 Kh5 57. Qg3 Kh6 58. Qg4 Kh7 59. Qg5 Kh8 60. Ke7 Kh7 61. Kf7 Kh8 62.
Qg7# { Black checkmated } 1-0

[Event "ICC tourney 2523 (60 10)"]
[Site "Internet Chess Club"]
[Date "2021.04.18"]
[Round "4"]
[White "LERNER, MIRO LUNN:awesome122243"]
[Black "Epelbaum, Shawn:ShawnE"]
[Result "0-1"]
[ICCResult "White checkmated"]
[WhiteElo "741"]
[BlackElo "824"]
[Opening "Sicilian defense"]
[ECO "B33"]
[NIC "SI.32"]
[Time "10:01:26"]
[PlyCount "48"]
[TimeControl "3600+10"]

1. e4 c5 2. Nf3 Nc6 3. d4 cxd4 4. Nxd4 Nf6 5. Nxc6 bxc6 6. Nc3 g6 7. Be3 d6
8. Qd2 Bg7 9. Bh6 O-O 10. O-O-O a5 11. Bxg7 Kxg7 12. h4 h5 13. f3 a4 14.
Kb1 a3 15. bxa3 Rxa3 16. g4 hxg4 17. fxg4 Bxg4 18. Re1 Ra7 19. Bh3 Bxh3 20.
Rxh3 Qa5 21. h5 Nxh5 22. Rg1 Qa3 23. Rxh5 Rb7+ 24. Ka1 Qb2# { White
checkmated } 0-1

[Event "ICC tourney 2523 (60 10)"]
[Site "Internet Chess Club"]
[Date "2021.04.18"]
[Round "4"]
[White "FITZPATRICK, CONNOR:Savethegoats"]
[Black "LIAO, ABBY:Abbyliao0216"]
[Result "0-1"]
[ICCResult "White checkmated"]
[WhiteElo "275"]
[BlackElo "740"]
[Opening "Four knights: double Ruy Lopez"]
[ECO "C49"]
[NIC "KP.03"]
[Time "10:00:47"]
[PlyCount "52"]
[TimeControl "3600+10"]

1. e4 e5 2. Nf3 Nc6 3. Nc3 Nf6 4. Bb5 Bb4 5. O-O O-O 6. d3 h6 7. Nh4 a6 8.
Bc4 Na5 9. Nf5 Nxc4 10. dxc4 d5 11. cxd5 c6 12. Qf3 cxd5 13. exd5 Bxc3 14.
bxc3 Nxd5 15. Qg3 Bxf5 16. Rb1 Qf6 17. Rxb7 Bxc2 18. Re1 Rfe8 19. Qh3 Qg6
20. Qd7 Bf5 21. Qxd5 Rad8 22. Qf3 Bg4 23. Qe3 Rd3 24. Qc5 Bh3 25. Qc6 Qxc6
26. Rb1 Qxg2# { White checkmated } 0-1

[Event "ICC tourney 2523 (60 10)"]
[Site "Internet Chess Club"]
[Date "2021.04.18"]
[Round "4"]
[White "CARDOSO, KARELY:RYCSKarely2010"]
[Black "MUKHERJI, RAI:RaiChess"]
[Result "0-1"]
[ICCResult "White checkmated"]
[WhiteElo "690"]
[BlackElo "964"]
[Opening "Scotch game"]
[ECO "C45"]
[NIC "SO.05"]
[Time "10:00:42"]
[PlyCount "78"]
[TimeControl "3600+10"]

1. e4 e5 2. Nf3 Nc6 3. d4 exd4 4. Nxd4 Bc5 5. Be3 Bb4+ 6. Nc3 Bxc3+ 7. bxc3
Nf6 8. f3 O-O 9. Bc4 d5 10. exd5 Nxd5 11. Bf2 Nxc3 12. Qd2 Re8+ 13. Be3 Nd5
14. O-O-O Nxe3 15. Bd3 Nxd1 16. Rxd1 Qxd4 17. c3 Qe3 18. Qxe3 Rxe3 19. Kc2
Be6 20. Kc1 Ne5 21. Bc2 Rxc3 22. Kb2 Rxc2+ 23. Kxc2 Bf5+ 24. Kc1 Nd3+ 25.
Kd2 Rd8 26. Ke2 Nf4+ 27. Ke1 Rxd1+ 28. Kxd1 Kf8 29. Kd2 Nxg2 30. Ke2 c5 31.
a3 c4 32. Kd2 Ke7 33. Kc3 b5 34. Kd4 Bd3 35. Kc5 c3 36. Kb4 c2 37. Kb3 c1=Q
38. Kb4 Qc4+ 39. Ka5 Qa4# { White checkmated } 0-1